 Dungeon Crawl Stone Soup version 0.25.1-9-gc5326a611f (webtiles) character file.

Game seed: 17177544824061381704

32 Revguard the Firebug (level 3, 0/31 HPs)
             Began as an Ogre Fire Elementalist on Feb 5, 2021.
             Succumbed to a worker ant's poison
             ... on level 2 of the Dungeon.
             The game lasted 00:02:59 (949 turns).

Revguard the Firebug (Ogre Fire Elementalist)        Turns: 949, Time: 00:03:00

Health: 0/31       AC:  3    Str: 12    XL:     3   Next: 27%
Magic:  0/7        EV: 10    Int: 16    God:
Gold:   44         SH:  0    Dex: 10    Spells: 7/8 levels left

rFire    . . .     SeeInvis .   l - +0 hand axe (vorpal)
rCold    . . .     Gourm    .   (no shield)
rNeg     . . .     Faith    .   a - +0 robe
rPois    .         Spirit   .   (helmet restricted)
rElec    .         Reflect  .   (no cloak)
rCorr    .         Harm     .   (gloves unavailable)
MR       .....                  (boots unavailable)
Stlth    ++........             (no amulet)
HPRegen  0.10/turn              (no ring)
MPRegen  0.10/turn              (no ring)

@: lethally poisoned (0 -> -3)
A: large, unfitting armour, tough skin 1
a: no special abilities


You were on level 2 of the Dungeon.
You were not hungry.

You visited 1 branch of the dungeon, and saw 2 of its levels.

You collected 44 gold pieces.

Inventory:

Hand Weapons
 l - a +0 vorpal hand axe (weapon)
Missiles
 j - 4 javelins (quivered)
Armour
 a - a +0 robe (worn)
Scrolls
 b - a scroll of identify {unknown}
 d - a scroll of enchant weapon {unknown}
 e - 2 scrolls of teleportation {unknown}
 g - a scroll of fog {unknown}
 i - a scroll of amnesia {unknown}
Comestibles
 c - 2 rations


   Skills:
 + Level 0.1 Fighting
 + Level 2.0 Dodging
 - Level 1.4 Stealth
 + Level 3.0 Spellcasting
 + Level 1.0 Conjurations
 + Level 3.3 Fire Magic


You had 7 spell levels left.
You knew the following spells:

 Your Spells              Type           Power        Failure   Level  Hunger
a - Foxfire               Conj/Fire      #...         8%          1    #......

Your spell library contained the following spells:

 Spells                   Type           Power        Failure   Level  Hunger
 Conjure Flame            Conj/Fire      #.......     22%         3    ###....
 Inner Flame              Hex/Fire       #.......     28%         3    ###....
 Sticky Flame             Conj/Fire      #.......     58%         4    #####..
 Fireball                 Conj/Fire      #.........   91%         5    ######.


Dungeon Overview and Level Annotations

Branches:
Dungeon (2/15)

Altars:


Innate Abilities, Weirdness & Mutations

You are too large for most types of armour.
You have tough skin. (AC +1)


Message History

The foxfire hits the kobold.
You kill the kobold!
The foxfire hits the ooze.
The ooze is lightly wounded.
* * * LOW HITPOINT WARNING * * *
You feel sick.
Casting: Foxfire (safe; 8% risk of failure)
Confirm with . or Enter, or press ? or * to list all spells.
You conjure some foxfire!
Your magical contamination has completely faded away.
You barely miss the ooze.
The ooze is lightly wounded.
The foxfire hits the ooze.
The ooze is lightly wounded.
The foxfire hits the ooze.
The ooze is moderately wounded.
The ooze hits you but does no damage.
You hit the ooze but do no damage.
The ooze is moderately wounded.
You die...

#......# #......#
#### ##....## ...
#..##..# ##>#
##.####.###..#
#..##.......#######
#.###.(..>.........
#.###.##......###
##.##<.##.....@..#
#.........#...J...#
#.#.##.#######).#..#
#.#.##.# #..# !#
#......# #...# ..
##...#### ##.... #.
#...## .##. #$.## .#
.. #.†#


You could see an ooze.

Vanquished Creatures
  A worker ant (D:2)
  A dart slug (D:2)
  A leopard gecko (D:1)
  A hobgoblin (D:2)
  A kobold (D:2)
  A bat (D:1)
  2 frilled lizards
  A rat (D:1)
9 creatures vanquished.

Vanquished Creatures (others)
  36 foxfires
36 creatures vanquished.

Grand Total: 45 creatures vanquished

Notes
Turn   | Place    | Note
-------+----------+-------------------------------------------
     0 | D:1      | Revguard the Ogre Fire Elementalist began the quest for the
                  | Orb.
     0 | D:1      | Reached XP level 1. HP: 16/16 MP: 3/3
   592 | D:2      | Noticed a worker ant
   595 | D:2      | Reached XP level 2. HP: 24/24 MP: 1/5
   612 | D:2      | Reached skill level 1 in Conjurations
   932 | D:2      | Reached XP level 3. HP: 6/31 MP: 0/7
   946 | D:2      | HP: 1/31 [poisoned by a worker ant]
   949 | D:2      | Succumbed to a worker ant's poison

Illustrated notes

Levels and vault maps discovered:
D:1:      psy_arrival_spokes, layout_basic, minmay_misc_feat_alley,
          skrybe_limestone_x
D:2:      layout_rooms, hangedman_abyss_or_decor_stabs,
          nicolae_gozag_cash_rules_everything_around_me

Skill      XL: |  1  2 |
---------------+-------+-----
Fire Magic     | 3 |  3.3
Conjurations   | 1 |  1.0
Dodging        | 2 |  2.0
Spellcasting   | 3 |  3.0
Fighting       | |  0.1
Stealth        | |  1.4

Action                   || total
-------------------------++-------
Melee: Hand axe          ||    10
 Cast: Foxfire           ||    19
  Use: Potion            ||     3
Armor: Robe              ||     5
Dodge: Dodged            ||     5
